Map: Winter's Gate LE

Players

ShoWTimE

  • Race: Protoss Protoss
  • Spawn Location: 11:00

Dark - Winner!

  • Race: Zerg Zerg
  • Spawn Location: 5:00

Event: 2019 WCS Global FInals

VOD

Have the link to the VOD?

Description

Time

  • Played on: Oct. 24, 2019, 12:29 a.m.
  • Length: 44:12

All games in this series

Show
View Real Time Build Order
Export as new Build Order

ShoWTimE Protoss 

Build Orders:  

Get SALT Encoding   

  12  0:00  Probe  
  13  0:12  Probe  
  14  0:17  Pylon  
  14  0:24  Probe (Chrono Boost)  
  15  0:37  Probe (Chrono Boost)  
  15  0:38  Gateway  
  16  0:45  Probe (Chrono Boost)  
  16  0:46  Assimilator  
  17  0:51  Probe  
  18  1:03  Probe  
  19  1:11  Forge  
  19  1:15  Probe  
  20  1:26  Cybernetics Core  
  20  1:33  Pylon  
  20  1:36  Pylon  
  20  1:43  Pylon  
  20  1:52  Photon Cannon  
  20  1:58  Photon Cannon  
  20  2:06  Photon Cannon  
  20  2:14  Probe  
  21  2:20  Adept (Chrono Boost)  
  21  2:26  Probe  
  24  2:47  Nexus  
  23  2:53  Probe  
  23  2:55  Assimilator  
  24  3:07  Stargate, Probe  
  24  3:09  Warp Gate  
  25  3:17  Adept  
  25  3:19  Probe  
  28  3:31  Probe  
  29  3:39  Pylon  
  29  3:43  Probe  
  29  3:49  Void Ray (Chrono Boost)  
  29  3:55  Probe  
  34  4:02  Gateway  
  34  4:11  Gateway  
  34  4:22  Oracle (Chrono Boost)  
  34  4:23  Probe  
  38  4:26  Probe  
  39  4:33  Shield Battery  
  39  4:35  Probe  
  41  4:38  Probe  
  41  4:42  Pylon  
  41  4:47  Probe  
  41  4:50  Probe  
  43  4:57  Oracle (Chrono Boost)  
  46  5:07  Stalker  
  46  5:09  Shield Battery  
  46  5:11  Pylon  
  46  5:13  Sentry  
  50  5:17  Stalker  
  52  5:22  Pylon  
  52  5:25  Probe  
  53  5:34  Zealot  
  53  5:35  Probe  
  56  5:37  Probe  
  57  5:49  Shield Battery  
  56  5:50  Shield Battery  
  56  5:51  Stalker x2  
  56  5:56  Stalker  
  60  6:02  Probe  
  60  6:04  Probe  
  60  6:14  Adept x2  
  64  6:22  Pylon  
  64  6:23  Adept  
  56  6:38  Zealot x2  
  58  6:43  Zealot  
  56  6:52  Probe x2  
  51  6:59  Zealot x2  
  48  7:03  Zealot  
  48  7:05  Probe  
  48  7:07  Probe  
  49  7:14  Stalker  
  51  7:17  Probe (Chrono Boost)  
  51  7:20  Probe (Chrono Boost)  
  54  7:32  Probe (Chrono Boost)  
  54  7:36  Zealot  
  57  7:38  Probe (Chrono Boost)  
  58  7:45  Zealot  
  58  7:46  Probe  
  58  7:47  Probe  
  61  7:53  Zealot  
  58  8:01  Stalker  
  55  8:05  Adept  
  55  8:07  Probe (Chrono Boost)  
  55  8:11  Shield Battery  
  55  8:12  Probe (Chrono Boost)  
  55  8:19  Probe (Chrono Boost)  
  56  8:22  Probe (Chrono Boost)  
  56  8:24  Probe (Chrono Boost)  
  58  8:27  Probe (Chrono Boost), Zealot x3  
  58  8:33  Probe  
  66  8:37  Pylon  
  66  8:38  Probe (Chrono Boost)  
  66  8:41  Assimilator  
  67  8:43  Assimilator  
  68  8:50  Probe (Chrono Boost)  
  68  8:51  Probe (Chrono Boost)  
  69  8:55  Pylon  
  69  8:56  Probe (Chrono Boost)  
  69  8:58  Probe (Chrono Boost)  
  69  9:02  Robotics Facility  
  71  9:04  Probe  
  73  9:10  Probe  
  73  9:14  Sentry  
  73  9:16  Pylon  
  76  9:22  Probe  
  76  9:26  Protoss Ground Weapons Level 1 (Chrono Boost)  
  72  9:35  Gateway  
  72  9:36  Stalker x2  
  72  9:37  Gateway  
  75  9:39  Gateway  
  75  9:40  Stalker  
  75  9:41  Probe x2  
  79  9:49  Observer (Chrono Boost)  
  80  9:54  Probe  
  80  9:55  Probe  
  80  9:56  Pylon  
  82  10:04  Pylon  
  82  10:05  Twilight Council  
  82  10:09  Immortal (Chrono Boost)  
  85  10:16  Sentry  
  85  10:20  Probe x2  
  89  10:29  Oracle (Chrono Boost)  
  89  10:35  Nexus  
  92  10:38  Pylon  
  92  10:39  Probe  
  92  10:41  Probe  
  94  10:51  Immortal  
  94  10:53  Probe  
  94  10:54  Probe  
  100  11:03  Oracle (Chrono Boost)  
  100  11:07  Probe x2  
  105  11:13  Pylon  
  105  11:14  Templar Archives  
  105  11:16  Charge (Chrono Boost)  
  105  11:19  Probe  
  105  11:21  Probe  
  107  11:30  Oracle (Chrono Boost)  
  107  11:31  Probe  
  111  11:36  Probe  
  112  11:44  Assimilator  
  112  11:46  Warp Prism  
  114  11:48  Probe  
  114  11:49  Assimilator  
  114  11:51  Protoss Ground Weapons Level 2 (Chrono Boost)  
  114  11:52  Photon Cannon  
  115  11:54  Probe  
  115  11:55  Probe  
  115  11:57  Zealot  
  115  12:00  Probe  
  118  12:06  Probe  
  118  12:07  Probe  
  118  12:13  Probe  
  119  12:22  Immortal  
  123  12:32  Zealot x3  
  129  12:39  Gateway  
  129  12:43  Gateway  
  129  12:44  Shield Battery  
  129  12:46  Shield Battery  
  129  12:48  Phoenix (Chrono Boost)  
  131  12:56  High Templar  
  133  12:59  Pylon  
  133  13:01  Pylon  
  133  13:02  Immortal (Chrono Boost)  
  129  13:07  High Templar x3  
  129  13:12  Archon  
  133  13:16  Archon  
  133  13:18  Pylon  
  131  13:23  Zealot x2  
  135  13:32  Zealot  
  131  13:35  Immortal (Chrono Boost)  
  131  13:36  Zealot  
  137  13:41  Zealot  
  137  13:42  Zealot x2  
  137  13:47  Zealot x2  
  131  13:56  Zealot x3  
  131  14:02  High Templar x3  
  143  14:09  High Templar x2  
  147  14:10  Immortal  
  147  14:13  Pylon  
  147  14:15  Pylon  
  149  14:20  Archon  
  149  14:21  High Templar x2  
  149  14:25  Archon x2  
  149  14:31  Pylon  
  149  14:32  High Templar  
  149  14:33  Pylon  
  149  14:36  Zealot x3  
  157  14:39  Archon  
  157  14:45  Zealot x2  
  137  14:56  High Templar x2  
  137  14:57  Zealot x3  
  147  15:01  Archon  
  147  15:02  Pylon  
  147  15:05  Nexus  
  147  15:18  Zealot  
  147  15:19  Zealot x4  
  157  15:23  Zealot  
  159  15:35  High Templar x2  
  156  15:39  Archon  
  156  15:41  Zealot x5  
  148  15:56  Zealot  
  146  15:57  Immortal  
  146  15:58  Probe x3  
  151  16:10  Probe  
  146  16:11  Sentry  
  146  16:12  Zealot x5, Sentry  
  132  16:31  Blink (Chrono Boost)  
  132  16:32  Probe x3  
  133  16:34  Photon Cannon  
  133  16:35  Immortal (Chrono Boost)  
  133  16:36  High Templar x2  
  133  16:38  Pylon  
  141  16:42  High Templar x2  
  141  16:43  High Templar x2  
  141  16:46  Protoss Ground Armor Level 1 (Chrono Boost)  
  149  16:47  Archon x3  
  149  16:53  Zealot x2  
  153  16:56  Assimilator, Probe x2  
  153  16:58  Assimilator  
  155  17:06  Immortal (Chrono Boost)  
  159  17:12  Zealot x2  
  163  17:21  Zealot  
  163  17:22  Zealot x2  
  151  17:29  High Templar x2  
  151  17:31  Psionic Storm  
  151  17:34  Archon  
  151  17:42  Immortal (Chrono Boost)  
  151  17:43  Zealot x6  
  167  17:49  Pylon  
  157  18:04  Zealot x7  
  143  18:14  Observer, Zealot  
  131  18:25  Zealot, High Templar x6  
  139  18:39  Observer (Chrono Boost)  
  138  18:42  Nexus  
  138  18:47  Pylon  
  138  18:51  Zealot  
  138  18:52  Zealot  
  142  18:57  Immortal (Chrono Boost)  
  142  18:59  Zealot x3  
  152  19:03  Zealot  
  152  19:09  High Templar x2  
  154  19:20  Zealot x4  
  154  19:32  Zealot x2  
  140  19:43  Zealot x4  
  144  19:47  Archon  
  144  19:48  High Templar x2  
  148  19:55  Archon  
  148  19:56  High Templar  
  148  19:57  High Templar  
  146  20:15  High Templar x4  
  153  20:26  Observer  
  147  20:34  Zealot x4  
  147  20:35  Nexus  
  138  20:47  Observer  
  139  20:57  Zealot x4  
  139  20:58  Zealot x2  
  149  21:09  Archon x2  
  149  21:15  Zealot x2  
  147  21:22  Observer  
  148  21:25  Zealot x3  
  148  21:26  Pylon  
  148  21:29  Zealot  
  156  21:41  Zealot x3  
  160  21:48  Zealot  
  160  21:53  Zealot x2  
  164  21:57  Zealot  
  166  22:03  Zealot x2  
  166  22:07  Protoss Ground Weapons Level 3 (Chrono Boost)  
  170  22:17  Probe  
  170  22:22  High Templar x6  
  179  22:29  Archon  
  171  22:30  Zealot  
  171  22:31  Zealot  
  171  22:33  Assimilator  
  171  22:34  Assimilator  
  171  22:50  Zealot  
  171  22:51  Zealot  
  171  23:04  Zealot x8  
  187  23:07  Photon Cannon  
  187  23:08  Photon Cannon  
  187  23:11  Pylon  
  145  23:40  Nexus  
  135  23:45  Pylon  
  128  23:49  Immortal (Chrono Boost)  
  132  23:56  Nexus  
  126  24:04  High Templar  
  126  24:05  High Templar x2  
  126  24:07  High Templar  
  134  24:10  Archon  
  134  24:11  Archon  
  116  25:11  Pylon  
  112  25:29  Nexus  
  112  25:35  Assimilator  
  112  25:39  Assimilator  
  112  25:44  Photon Cannon  
  112  25:45  Photon Cannon  
  112  26:15  Robotics Bay  
  112  26:17  Robotics Facility  
  112  26:26  Pylon  
  112  26:29  Stalker  
  112  26:30  Stalker  
  116  26:58  Zealot  
  116  27:01  Zealot  
  120  27:06  Nexus  
  120  27:07  Pylon  
  102  27:24  Disruptor (Chrono Boost)  
  106  27:30  Zealot x2  
  106  27:35  Disruptor (Chrono Boost)  
  110  27:39  High Templar  
  112  27:50  Disruptor (Chrono Boost)  
  109  28:04  Zealot x4  
  102  28:24  Zealot x2  
Show
View Real Time Build Order
Export as new Build Order

Dark Zerg - Winner!

Build Orders: Hatch First, Swarm Host 

Get SALT Encoding   

  12  0:00  Drone  
  13  0:12  Overlord  
  13  0:19  Drone  
  14  0:30  Drone x2  
  16  0:47  Hatchery  
  15  0:51  Drone  
  15  0:55  Drone  
  17  0:57  Drone  
  18  1:09  Extractor  
  17  1:12  Spawning Pool  
  17  1:15  Drone  
  17  1:21  Drone  
  18  1:28  Drone  
  19  1:41  Drone  
  20  1:55  Drone  
  20  1:59  Queen x2  
  25  2:02  Spine Crawler  
  25  2:03  Zergling x2  
  25  2:14  Extractor  
  24  2:16  Spine Crawler  
  24  2:18  Drone  
  24  2:22  Drone  
  25  2:28  Zergling x2  
  25  2:29  Metabolic Boost  
  27  2:38  Drone  
  28  2:47  Overlord  
  28  2:55  Hatchery  
  26  3:13  Lair  
  26  3:17  Zergling x4  
  26  3:18  Zergling x2  
  29  3:31  Hatchery  
  28  3:39  Zergling x2  
  29  3:47  Overlord  
  29  3:49  Overlord  
  29  3:53  Overlord  
  29  4:04  Overlord  
  29  4:11  Nydus Network  
  29  4:14  Zergling x2  
  29  4:16  Zergling x2  
  30  4:26  Queen  
  32  4:38  Zergling x6  
  34  4:49  Nydus Canal  
  34  4:52  Spore Crawler, Drone  
  34  4:54  Zergling x4  
  34  4:58  Overseer  
  36  5:02  Zergling x2  
  37  5:11  Queen  
  39  5:19  Zergling x2  
  39  5:20  Zergling x2  
  41  5:26  Zergling x4  
  42  5:43  Queen  
  44  5:50  Nydus Canal, Queen  
  44  5:52  Zergling x2  
  44  5:55  Zergling x2  
  48  6:04  Zergling x6  
  51  6:09  Nydus Canal  
  51  6:13  Zergling x2  
  50  6:23  Zergling x6  
  46  6:30  Zergling x4  
  46  6:32  Zergling x2  
  43  6:40  Drone x3  
  43  6:47  Zergling x4  
  45  6:50  Zergling x2  
  39  6:57  Zergling x2  
  39  6:58  Zergling x2  
  39  7:03  Zergling x4  
  39  7:07  Zergling x2  
  42  7:12  Zergling x4  
  44  7:15  Zergling x2  
  44  7:21  Zergling x2  
  46  7:30  Drone  
  46  7:31  Roach Warren  
  46  7:32  Nydus Canal  
  46  7:37  Drone  
  46  7:40  Drone  
  46  7:43  Drone  
  49  7:45  Drone  
  50  7:56  Zergling x6  
  47  8:05  Drone x4  
  46  8:06  Drone  
  42  8:17  Drone x2  
  42  8:18  Roach x2  
  48  8:21  Roach  
  48  8:25  Roach  
  52  8:27  Nydus Canal  
  52  8:30  Extractor  
  52  8:31  Drone  
  52  8:36  Drone x2  
  52  8:40  Glial Reconstitution  
  54  8:47  Drone x3  
  57  8:54  Roach  
  57  8:55  Roach x2  
  63  8:56  Nydus Canal  
  63  9:01  Drone x3  
  66  9:09  Extractor  
  65  9:10  Extractor  
  65  9:11  Roach  
  65  9:15  Overlord  
  66  9:18  Overlord  
  66  9:25  Drone  
  66  9:27  Drone  
  66  9:34  Overlord, Drone x4  
  66  9:38  Drone x3  
  73  9:48  Drone x3  
  73  9:49  Roach x2  
  80  9:53  Evolution Chamber  
  80  9:56  Drone x3  
  83  10:03  Drone  
  83  10:04  Drone x2  
  86  10:08  Drone  
  86  10:09  Drone x2  
  86  10:11  Drone  
  86  10:12  Overlord x2  
  90  10:15  Extractor  
  90  10:16  Extractor  
  90  10:18  Overlord, Drone x2  
  90  10:25  Hatchery  
  89  10:29  Overlord  
  89  10:30  Overlord x2  
  89  10:34  Roach x2  
  89  10:35  Roach  
  95  10:39  Roach x2  
  99  10:43  Roach x2  
  99  10:47  Overlord  
  103  10:52  Roach x3  
  103  10:55  Roach  
  103  10:56  Roach  
  112  10:57  Roach  
  112  11:00  Drone x2  
  112  11:02  Drone  
  112  11:04  Drone x2  
  119  11:10  Drone x3  
  122  11:13  Overseer  
  121  11:18  Infestation Pit  
  121  11:21  Overlord  
  120  11:26  Overlord  
  120  11:29  Overlord  
  120  11:32  Nydus Canal  
  120  11:33  Overlord  
  120  11:35  Drone x2  
  122  11:54  Swarm Host x12  
  158  12:04  Swarm Host x3  
  158  12:06  Swarm Host  
  170  12:12  Drone x5  
  152  12:31  Overlord, Drone x5  
  152  12:32  Spore Crawler, Drone x2  
  157  12:39  Overlord  
  157  12:40  Nydus Canal  
  157  12:43  Drone x3  
  157  12:44  Spore Crawler, Overlord  
  160  12:45  Swarm Host x2  
  165  12:51  Nydus Canal  
  165  12:52  Overlord  
  165  12:53  Ravager x5  
  165  12:54  Ravager x2  
  165  12:56  Roach  
  174  13:02  Overseer  
  170  13:06  Roach  
  170  13:07  Roach x6  
  170  13:11  Nydus Canal  
  182  13:13  Roach x3  
  186  13:22  Zergling x20  
  186  13:25  Evolution Chamber  
  189  13:35  Nydus Canal  
  181  13:42  Roach x5  
  181  13:47  Overlord, Ravager x2  
  181  13:48  Drone x2  
  189  13:51  Hydralisk Den  
  189  13:54  Drone x3  
  185  13:56  Extractor x2  
  183  14:07  Drone x3  
  183  14:08  Nydus Canal  
  186  14:13  Roach  
  186  14:14  Roach x5  
  196  14:18  Zerg Missile Weapons Level 1  
  196  14:21  Roach x2  
  200  14:25  Nydus Canal  
  195  14:45  Roach  
  190  14:49  Grooved Spines  
  187  14:54  Overlord x7  
  187  14:56  Hydralisk x3  
  187  14:58  Overlord x4  
  187  15:04  Nydus Canal  
  187  15:11  Lurker Den  
  186  15:15  Hydralisk x5  
  186  15:16  Hydralisk  
  186  15:21  Ravager  
  189  15:44  Hydralisk x5  
  197  15:52  Hydralisk  
  197  15:55  Hydralisk x2  
  199  16:00  Muscular Augments  
  191  16:16  Hydralisk x8  
  182  16:19  Roach x3  
  182  16:20  Roach x8  
  182  16:23  Hydralisk  
  200  16:27  Roach x2  
  200  16:30  Roach  
  200  16:39  Overseer  
  200  16:42  Hive  
  200  16:44  Hatchery  
  199  16:47  Nydus Canal  
  199  16:54  Lurker  
  199  16:58  Zerg Missile Weapons Level 2  
  198  17:11  Lurker  
  198  17:12  Lurker  
  196  17:29  Pneumatized Carapace  
  196  17:35  Spore Crawler  
  196  17:36  Spore Crawler  
  194  17:40  Nydus Canal  
  194  17:42  Lurker x3  
  194  17:43  Lurker  
  198  17:56  Hydralisk x2  
  194  18:08  Hydralisk x7  
  196  18:16  Hydralisk  
  196  18:17  Hydralisk x5  
  190  18:22  Hydralisk  
  190  18:23  Hydralisk x2  
  194  18:30  Drone x3  
  194  18:31  Drone  
  194  18:32  Spore Crawler  
  197  18:34  Spore Crawler, Adaptive Talons  
  197  18:35  Extractor  
  195  18:43  Drone  
  195  18:46  Lurker x2  
  198  18:50  Overseer x2  
  198  18:52  Hatchery  
  198  18:53  Hatchery  
  196  18:56  Roach  
  196  18:57  Roach  
  196  19:00  Nydus Canal  
  201  19:14  Hatchery  
  194  19:37  Hydralisk x4  
  200  19:47  Overlord  
  200  19:55  Zerg Missile Weapons Level 3  
  197  20:12  Hydralisk  
  199  20:23  Hydralisk x3  
  195  20:36  Lurker  
  195  20:37  Lurker x4  
  187  20:43  Hydralisk x4  
  187  20:44  Hydralisk  
  187  20:47  Lurker x2  
  187  20:48  Drone, Lurker  
  200  20:51  Hatchery  
  197  21:01  Overseer  
  197  21:04  Drone x2  
  197  21:06  Extractor  
  198  21:23  Spore Crawler, Drone x2  
  199  21:30  Lurker  
  200  21:48  Nydus Canal  
  200  22:02  Nydus Canal  
  193  22:17  Lurker  
  193  22:18  Lurker x13  
  197  22:22  Nydus Canal  
  197  22:24  Hydralisk  
  197  22:29  Hatchery  
  189  22:31  Roach x4  
  189  22:33  Drone x3  
  199  22:51  Nydus Canal  
  199  22:52  Ravager  
  200  23:06  Nydus Canal  
  189  23:36  Hydralisk x5  
  189  23:39  Nydus Canal  
  199  23:44  Drone  
  199  23:46  Drone, Extractor x2  
  199  23:54  Lurker  
  200  24:04  Spore Crawler  
  199  24:30  Spore Crawler  
  199  24:31  Spore Crawler x2  
  194  24:35  Nydus Canal  
  194  24:38  Viper x2  
  197  25:10  Viper  
  200  25:16  Spore Crawler, Overseer  
  200  25:18  Spore Crawler  
  198  25:31  Nydus Canal  
  198  25:36  Spore Crawler  
  198  25:41  Spore Crawler  
  196  25:55  Drone x4  
  200  25:59  Nydus Canal  
  200  26:02  Overseer  
  200  26:06  Zerg Ground Armor Level 1  
  200  26:10  Overseer x2  
  200  26:11  Hatchery  
  199  26:19  Drone  
  199  26:23  Spire  
  199  26:24  Spore Crawler, Nydus Canal  
  195  26:56  Nydus Canal  
  195  27:10  Nydus Canal  
  193  27:29  Nydus Canal  
  193  27:34  Nydus Canal  
  193  27:38  Hydralisk  
  193  27:41  Nydus Canal  
  195  28:08  Hydralisk  
  195  28:09  Hydralisk  
  187  28:23  Nydus Canal  
Tags
 
Add a new tag
Caveats
  • Supply blocks, unpowered buildings, or Contaminate may cause inaccurate times.
  • Supply counts are checked every 10 seconds.